 Dungeon Crawl Stone Soup version 0.28-a0-938-gbc3f381ebc (webtiles) character file.

Game seed: 8369559916421170873

132 Decritt the Covered (level 4, -1/41 HPs)
             Began as a Minotaur Fighter on Nov 28, 2021.
             Killed from afar by an orc wizard (6 damage)
             ... with a puff of flame
             ... on level 3 of the Dungeon.
             The game lasted 00:04:53 (1366 turns).

Decritt the Covered (Minotaur Fighter)              Turns: 1366, Time: 00:04:54

Health: -1/41      AC: 12    Str: 22    XL:     4   Next: 92%
Magic:  3/3        EV:  8    Int:  5    God:
Gold:   99         SH:  4    Dex:  9    Spells: 3/3 levels left

rFire   . . .      SeeInvis .   a - +0 war axe
rCold   . . .      Faith    .   c - +0 buckler
rNeg    . . .      Spirit   .   g - +0 chain mail
rPois   .          Reflect  .   (helmet restricted)
rElec   .          Harm     .   f - +2 cloak
rCorr   .          Rampage  .   (no gloves)
Will    .....                   (no boots)
Stlth   ..........              l - amulet of the acrobat
HPRegen 0.13/turn               (no ring)
MPRegen 0.08/turn               (no ring)

@: no status effects
A: horns 2, retaliatory headbutt
a: no special abilities


You were on level 3 of the Dungeon.
You visited 1 branch of the dungeon, and saw 4 of its levels.

You collected 99 gold pieces.

Inventory:

Hand Weapons
 a - a +0 war axe (weapon)
Missiles
 p - 3 boomerangs (quivered)
Armour
 b - a +0 scale mail
 c - a +0 buckler (worn)
 f - a +2 cloak (worn)
 g - a +0 chain mail (worn)
Jewellery
 l - an amulet of the acrobat (around neck)
Scrolls
 h - 3 scrolls of identify {unknown}
 j - a scroll of torment {unknown}
 n - a scroll of enchant armour {unknown}
 o - a scroll of vulnerability {unknown}
Potions
 d - a potion of might
 i - 4 potions of curing {unknown}
 k - a potion of haste {unknown}
 m - a potion of heal wounds {unknown}
 q - a potion of lignification {unknown}


   Skills:
 + Level 4.5 Fighting
 + Level 3.6 Axes
 + Level 1.1 Throwing
 + Level 4.5 Armour
 + Level 1.4 Dodging
 - Level 4.0 Shields


You had 3 spell levels left.
You didn't know any spells.
Your spell library contained the following spells:

 Spells                   Type           Power      Damage    Failure   Level
 Animate Skeleton         Necr           0%         N/A       99%         1
 Pain                     Necr           0%         1d4       99%         1
 Vampiric Draining        Necr           0%         2d6       100%        3


Dungeon Overview and Level Annotations

Branches:
Dungeon (4/15)
 Temple: D:4-7

Altars:

Shops:
D:2 =


Innate Abilities, Weirdness & Mutations

You have a pair of horns on your head.
You reflexively headbutt those who attack you in melee.


Message History

The orc closely misses you. You furiously retaliate!
You headbutt the orc! You closely miss the orc.
The orc is almost dead.
You closely miss something. Something hits you but does no damage.
You block the orc's attack. Something hits you but does no damage.
You closely miss the orc.
The orc is almost dead.
You miss something. The orc barely misses you.
Something hits you but does no damage.
You barely miss the orc.
The orc is almost dead.
You barely miss something. The orc barely misses you.
Something hits you but does no damage. The orc misses you.
You miss something. You hit the orc.
You kill the orc!
Something hits you but does no damage. x2
You miss something. Your headbutt misses something.
Something hits you but does no damage.
You hit something. Something hits you.
* * * LOW HITPOINT WARNING * * *
You barely miss something. Something completely misses you.
You barely miss something. Something hits you but does no damage.
Something hits you.
* * * LOW HITPOINT WARNING * * *
You closely miss something.
You hear some strange, mumbled words.
A puff of flame appears from out of thin air!
The puff of flame hits you.
* * * LOW HITPOINT WARNING * * *
You closely miss something.
You hear some strange, mumbled words.
A puff of flame appears from out of thin air!
The puff of flame hits you!
* * * LOW HITPOINT WARNING * * *
You hit something.
An orc wizard appears from thin air!
Reactivating autopickup.
The orc wizard barely misses you.
The orc wizard points at you and mumbles some strange words.
The puff of flame hits you.
You die...

#..# .# ..# ##†##
##.##(S#.
.#..####..#..... ..
..............# .
)#####.....#(.# .#
...###.#.###(o# ..#
##.......# #§. #.# #
###...### #§#
###..#...
#....#####§###@..$..#
#.#.....(((())o)#####
#.†.###..(.^.(..#
#....!()(...(.....
#..##'#############...
...#≈.§ #...# ...#≈.§
.#.# . #≈.## # . #≈.#


You could see an orc wizard.

Vanquished Creatures
  A gnoll sergeant (D:3)
  A worm (D:3)
  A dart slug (D:3)
  7 orcs (D:3)
  4 ball pythons
  5 bats
  3 endoplasms
  4 giant cockroaches
  A hobgoblin (D:3)
  3 jackals (D:1)
  5 frilled lizards
  5 goblins
  6 kobolds
  10 rats
56 creatures vanquished.

Notes
Turn   | Place    | Note
-------+----------+-------------------------------------------
     0 | D:1      | Decritt the Minotaur Fighter began the quest for the Orb.
     0 | D:1      | Reached XP level 1. HP: 19/19 MP: 0/0
   108 | D:1      | Reached XP level 2. HP: 27/27 MP: 1/1
   740 | D:2      | Found Liushy's Jewellery Shoppe.
   889 | D:2      | Reached XP level 3. HP: 33/33 MP: 2/2
  1194 | D:3      | Noticed a gnoll sergeant
  1206 | D:3      | Killed a gnoll sergeant
  1207 | D:3      | Reached skill level 1 in Throwing
  1207 | D:3      | Reached skill level 1 in Dodging
  1207 | D:3      | Reached XP level 4. HP: 31/41 MP: 3/3
  1366 | D:3      | Killed from afar by an orc wizard

Illustrated notes

Levels and vault maps discovered:
D:1:      eino_arrival_cavern_d, layout_loops_ring
D:2:      layout_basic, serial_shops, shop, minmay_surrounded
D:3:      layout_rooms, grunt_ministairs_5, kennysheep_small_spiral,
          minmay_close_crescents
D:4:      layout_cave_pools, tso_altar, nicolae_overflow_hidden_temple,
          ebering_ghost_disaster_area, minmay_distorted

Skill      XL: |  1  2  3 |
---------------+----------+-----
Armour         | 4 |  4.5
Fighting       | 4 |  4.5
Shields        | 4 |  4.0
Axes           | 3 |  3.6
Throwing       | 1 |  1.1
Dodging        | 1 |  1.4

Action                   |  1- 3 |  4- 6 || total
-------------------------+-------+-------++-------
Melee: War axe           |    51 |    34 ||    85
       Headbutt          |    12 |     4 ||    16
Throw: Dart              |    92 |    24 ||   116
       Boomerang         |       |     5 ||     5
Armor: Scale mail        |     8 |       ||     8
       Chain mail        |    14 |    27 ||    41
Dodge: Dodged            |    26 |    13 ||    39
Block: Buckler           |    14 |     6 ||    20

Table legend: (Time is in decaauts)
 A = Elapsed time spent in this place.
 B = Non-inter-level travel time spent in this place.
 C = Inter-level travel time spent in this place.
 D = Time resting spent in this place.
 E = Time spent auto-exploring this place.
 F = Levels seen in this place.
 G = Mean time per level.
                   A        B        C        D        E       F      G
               +--------+--------+--------+--------+--------+-----+--------+
         Total |   1394 |   1389 |      5 |      0 |    960 |   4 |  348.5 |
       Dungeon |   1394 |   1389 |      5 |      0 |    960 |   4 |  348.5 |
               +--------+--------+--------+--------+--------+-----+--------+

Top non-repeatable levels by time:
     D:1: 720 daAuts
     D:2: 402 daAuts
     D:3: 212 daAuts
     D:4: 59 daAuts
